 Dungeon Sprint DCSS version 0.19.1 (webtiles) character file.

67 equalderp2856 the Gouger (level 3, -5/19 HPs)
             Began as a Felid Fighter on Nov 29, 2016.
             Slain by Harold
             ... wielding a +0 halberd
              (7 damage)
             ... in the Dungeon (Sprint IX: "|||||||||||||||||||||||||||||").
             The game lasted 00:00:23 (79 turns).

equalderp2856 the Gouger (Felid Fighter)              Turns: 79, Time: 00:00:23

Health: -5/19      AC:  1    Str: 13    XL:     3   Next: 98%
Magic:  4/4        EV: 22    Int:  9    God:
Gold:   0          SH:  0    Dex: 15    Spells: 0 memorised, 2 levels left
                                        Lives:  0   Deaths: 1

rFire  . . .     SeeInvis +       - Unarmed
rCold  . . .     Gourm    .     (armour unavailable)
rNeg   . . .     Faith    .     (shield unavailable)
rPois  .         Spirit   .     (helmet unavailable)
rElec  .         Reflect  .     (cloak unavailable)
rCorr  .         Harm     .     (gloves unavailable)
MR     .....     NoTele   +     (boots unavailable)
Stlth  ++........               (no amulet)
                                (no ring)
                                (no ring)

@: quick
A: no armour, no weapons or thrown items, stealth, claws 1, fangs 3, see
invisible, carnivore 3, speed 1, shaggy fur 1, slow metabolism 1, sharp paws
a: no special abilities


You were in the Dungeon.
You were not hungry.

You visited 1 branch

Inventory:

Scrolls
 h - a scroll of blinking
Potions
 a - a potion of might
 d - a potion of heal wounds
 e - a potion of haste
 f - 2 potions of magic
 g - a potion of berserk rage
Comestibles
 b - a meat ration


   Skills:
 + Level 5.1 Fighting
 + Level 7.0 Dodging
 + Level 8.8 Unarmed Combat


You had 2 spell levels left.
You didn't know any spells.

Dungeon Overview and Level Annotations

Branches:
Dungeon (1/1)

Altars:

Annotations:
D Harold


Innate Abilities, Weirdness & Mutations

You cannot wear armour.
You are incapable of wielding weapons or throwing items.
Your paws allow you to move quietly. (Stealth)
You have sharp claws.
You have razor-sharp teeth.
You have supernaturally acute eyesight. (SInv)
You are carnivorous and can eat meat at any time.
You cover ground quickly.
You are covered in fur. (AC +1)
You have a slow metabolism.
Your sharp claws are effective at attacking unaware monsters.


Message History

Harold is moderately wounded.
Harold barely misses you.
You scratch Harold but do no damage.
Harold is moderately wounded.
Harold barely misses you.
You closely miss Harold.
Harold is moderately wounded.
You barely miss Harold.
Harold is moderately wounded.
Harold hits you with a halberd.
* * * LOW HITPOINT WARNING * * *
You scratch Harold. You claw Harold, but do no damage.
Harold is moderately wounded.
Harold completely misses you.
You claw Harold!
Harold is moderately wounded.
You scratch Harold.
Harold is heavily wounded.
Harold hits you with a halberd!
You die... ▓▓▓▓▓▓▓▓▓▓▓▓▓▓▓▓▓▓▓▓▓▓▓▓ ......@@.....(.......... ▓▓▓▓▓▓▓▓▓▓▓▓▓▓▓▓▓▓▓▓▓▓▓▓

You could see Harold.

Vanquished Creatures
  A centaur (D)
  A scorpion (D)
  An orc (D)
  A bat zombie (D)
  A goblin (D)
  A kobold (D)
  3 bats (D)
9 creatures vanquished.

Notes
Turn   | Place    | Note
-------+----------+-------------------------------------------
     0 | D        | equalderp2856 the Felid Fighter began the quest for the Orb.
     0 | D        | Reached XP level 1. HP: 10/10 MP: 2/2
    18 | D        | Noticed an orc wizard
    18 | D        | Noticed a centaur
    18 | D        | Noticed a scorpion
    22 | D        | Reached skill level 5 in Unarmed Combat
    29 | D        | Killed a scorpion
    29 | D        | Reached skill level 5 in Dodging
    29 | D        | Reached skill level 7 in Unarmed Combat
    29 | D        | Reached XP level 2. HP: 11/15 MP: 3/3
    29 | D        | Reached XP level 3. HP: 13/18 MP: 4/4
    34 | D        | Killed a centaur
    34 | D        | Reached skill level 5 in Fighting
    34 | D        | Reached skill level 8 in Unarmed Combat
    34 | D        | Reached XP level 4. HP: 6/23 MP: 5/5
    39 | D        | Killed from afar by an orc wizard
    40 | D        | Reached XP level 3. HP: -5/19 MP: 4/4
    63 | D        | Noticed Harold
    79 | D        | Slain by Harold

Skill      XL: |  1  2  3 |
---------------+----------+-----
Unarmed Combat | 7 8 |  8.8
Fighting       | 4 5 |  5.1
Dodging        | 5 7 |  7.0

Action                   |  1- 3 |  4- 6 || total
-------------------------+-------+-------++-------
Melee: Unarmed           |    30 |     4 ||    34
       Bite              |     5 |     1 ||     6
       Punch             |     2 |     1 ||     3
  Use: Potion            |     1 |       ||     1
Armor: Skin              |     2 |     1 ||     3
Dodge: Dodged            |    27 |     2 ||    29
